[ AOE2 MATCH · #457046803 ]
UnrankedCumans vs Romans
Player's team · LOSS
[ REPLAY ANALYSIS · EXTRACTED FROM THE RECORDED GAME ]
Feudal
8:29
Castle
19:15
Imperial
36:02
| APM avg | 89.0 |
| APM peak | 159 |
| eAPM avg | 60.7 |
| Villagers / military | 252 / 983 |
Focus
⚔️ 65.6% · 🌾 34.4%
Knight ×523 · Kipchak ×179 · Spearman ×173 · Mangonel ×41 · Trade Cart ×41 · Battering Ram ×26
Feudal
9:49
Castle
18:26
Imperial
31:30
| APM avg | 29.8 |
| APM peak | 79 |
| eAPM avg | 16.8 |
| Villagers / military | 162 / 1130 |
Focus
⚔️ 44.2% · 🌾 55.8%
Scout Cavalry ×428 · Genoese Crossbowman ×340 · Knight ×167 · Archer ×83 · Bombard Cannon ×59 · Trade Cart ×46
Feudal
10:57
Castle
14:27
Imperial
29:12
| APM avg | 35.4 |
| APM peak | 73 |
| eAPM avg | 20.8 |
| Villagers / military | 185 / 819 |
Focus
⚔️ 51.0% · 🌾 49.0%
Centurion ×404 · Scorpion ×253 · Fire Galley ×109 · Trade Cart ×85 · Unknown (1795) ×34 · Trebuchet (Packed) ×27
Feudal
11:22
Castle
14:54
Imperial
34:44
| APM avg | 66.4 |
| APM peak | 127 |
| eAPM avg | 49.0 |
| Villagers / military | 189 / 955 |
Focus
⚔️ 82.3% · 🌾 17.7%
Battle Elephant ×799 · Trade Cart ×90 · Arambai ×76 · Bombard Cannon ×49 · Mangonel ×20 · Trebuchet (Packed) ×6
Feudal
10:03
Castle
18:27
Imperial
30:15
| APM avg | 60.8 |
| APM peak | 102 |
| eAPM avg | 33.6 |
| Villagers / military | 388 / 1271 |
Focus
⚔️ 50.3% · 🌾 49.7%
Cavalry Archer ×505 · Scout Cavalry ×459 · Keshik ×182 · Trade Cart ×48 · Cannon Galleon ×48 · Demolition Raft ×35
Feudal
9:27
Castle
19:15
Imperial
47:14
| APM avg | 44.0 |
| APM peak | 83 |
| eAPM avg | 27.2 |
| Villagers / military | 298 / 1007 |
Focus
⚔️ 48.7% · 🌾 51.3%
Spearman ×585 · Militia ×148 · Scorpion ×128 · Trade Cart ×61 · Bombard Cannon ×51 · Fire Galley ×37
Feudal
9:42
Castle
19:50
Imperial
34:12
| APM avg | 66.3 |
| APM peak | 109 |
| eAPM avg | 38.6 |
| Villagers / military | 278 / 741 |
Focus
⚔️ 59.4% · 🌾 40.6%
Longboat ×369 · Berserk ×142 · Unknown (2626) ×133 · Galley ×130 · Trade Cart ×55 · Cannon Galleon ×46
Feudal
12:12
Castle
16:25
Imperial
29:54
| APM avg | 52.0 |
| APM peak | 149 |
| eAPM avg | 30.3 |
| Villagers / military | 362 / 848 |
Focus
⚔️ 44.6% · 🌾 55.4%
Chu Ko Nu ×422 · Fire Lancer ×120 · Knight ×110 · Fire Galley ×101 · Trade Cart ×75 · Trebuchet (Packed) ×34
Match map
Initial resources + every placement click. Lines = walls · curves = elevation contours. ◆ gold · ⬟ stone · ● berries · ✦ relic · ◌ wall gap
Your base· ✓ Map-separated
Virtus | AMG's base· ✓ Map-separated
Mastyjames's base· ✓ Map-separated
Emu Warrior's base· ✓ Map-separated
Virtus | AboKeiTo's base· ✓ Map-separated
Honeybadger's base· ✓ Map-separated
Virtus | Sobek's base· ✓ Map-separated
Smokey's base· ✓ Map-separated
Smoothed initial terrain · ◌ = detected wall gap · hover for details
Inputs per minute
— Virtus | Felipe - - Virtus | AMG
Build order — Virtus | Felipe
First 150 of 1807 actions detected
| 0:01 | Queue | Villager (Male) |
| 0:01 | Queue | Villager (Male) |
| 0:03 | Build | House |
| 0:04 | Build | House |
| 0:13 | Queue | Villager (Male) |
| 0:13 | Queue | Villager (Male) |
| 1:17 | Queue | Villager (Male) |
| 1:47 | Build | Lumber Camp |
| 1:50 | Queue | Villager (Male) |
| 2:16 | Queue | Villager (Male) |
| 2:50 | Queue | Villager (Male) |
| 3:24 | Queue | Villager (Male) |
| 3:25 | Queue | Villager (Male) |
| 3:41 | Queue | Villager (Male) |
| 3:54 | Build | House |
| 3:58 | Queue | Villager (Male) |
| 4:18 | Queue | Villager (Male) |
| 4:23 | Build | Mill |
| 4:48 | Queue | Villager (Male) |
| 5:03 | Queue | Villager (Male) |
| 5:22 | Queue | Villager (Male) |
| 5:52 | Research | Loom |
| 6:13 | Research | Feudal Age |
| 6:49 | Queue | Villager (Male) |
| 7:51 | Build | Palisade Wall |
| 7:53 | Build | Palisade Wall |
| 7:54 | Build | Palisade Wall |
| 8:29 | Age | Feudal Age |
| 8:32 | Build | Town Center |
| 8:36 | Research | Double-Bit Axe |
| 8:37 | Queue | Villager (Male) |
| 8:58 | Queue | Villager (Male) |
| 9:22 | Build | House |
| 9:31 | Queue | Villager (Male) |
| 9:52 | Queue | Villager (Male) |
| 9:54 | Build | House |
| 9:56 | Queue | Villager (Male) |
| 9:57 | Queue | Villager (Male) |
| 9:57 | Queue | Villager (Male) |
| 10:05 | Queue | Villager (Male) |
| 10:14 | Queue | Villager (Male) |
| 10:24 | Queue | Villager (Male) |
| 10:36 | Queue | Villager (Male) |
| 10:41 | Build | Palisade Wall |
| 10:44 | Build | Farm |
| 10:46 | Build | Farm |
| 10:47 | Queue | Villager (Male) |
| 10:47 | Queue | Villager (Male) |
| 11:09 | Queue | Villager (Male) |
| 11:15 | Queue | Villager (Male) |
| 11:18 | Build | Farm |
| 11:20 | Build | Farm |
| 11:22 | Build | Farm |
| 11:34 | Build | Farm |
| 11:34 | Queue | Villager (Male) |
| 11:53 | Build | Farm |
| 11:57 | Build | Palisade Wall |
| 11:58 | Queue | Villager (Male) |
| 12:05 | Build | House |
| 12:10 | Build | House |
| 12:10 | Queue | Villager (Male) |
| 12:12 | Build | Farm |
| 12:14 | Queue | Villager (Male) |
| 12:22 | Queue | Villager (Male) |
| 12:26 | Build | Farm |
| 12:31 | Build | Palisade Wall |
| 12:34 | Build | Farm |
| 12:48 | Build | Farm |
| 13:08 | Build | Farm |
| 13:09 | Build | Farm |
| 13:13 | Build | Farm |
| 13:14 | Queue | Villager (Male) |
| 13:38 | Build | Farm |
| 13:39 | Build | Farm |
| 13:40 | Queue | Villager (Male) |
| 13:47 | Queue | Villager (Male) |
| 13:50 | Build | House |
| 14:11 | Build | Blacksmith |
| 14:13 | Queue | Villager (Male) |
| 14:22 | Queue | Villager (Male) |
| 14:28 | Queue | Villager (Male) |
| 14:34 | Build | Dock |
| 14:50 | Queue | Villager (Male) |
| 14:58 | Queue | Villager (Male) |
| 15:02 | Queue | Villager (Male) |
| 15:16 | Build | Market |
| 15:17 | Queue | Villager (Male) |
| 15:34 | Queue | Villager (Male) |
| 15:35 | Queue | Villager (Male) |
| 15:41 | Queue | Galley |
| 16:00 | Build | Mining Camp |
| 16:07 | Queue | Villager (Male) |
| 16:11 | Build | House |
| 16:19 | Build | Farm |
| 16:20 | Build | Farm |
| 16:22 | Build | Farm |
| 16:28 | Build | Farm |
| 16:35 | Research | Castle Age |
| 16:41 | Queue | Transport Ship |
| 17:12 | Research | Wheelbarrow |
| 17:15 | Research | Gold Mining |
| 17:15 | Research | Gold Mining |
| 17:23 | Research | Horse Collar |
| 18:06 | Build | Barracks |
| 18:14 | Queue | Villager (Male) |
| 18:15 | Queue | Villager (Male) |
| 18:15 | Queue | Villager (Male) |
| 18:32 | Queue | Villager (Male) |
| 18:37 | Build | Stable |
| 18:45 | Build | Stable |
| 18:48 | Research | Scale Barding Armor |
| 18:50 | Queue | Villager (Male) |
| 18:53 | Build | Farm |
| 18:54 | Build | Farm |
| 18:58 | Queue | Villager (Male) |
| 19:06 | Queue | Villager (Male) |
| 19:08 | Build | Stable |
| 19:15 | Age | Castle Age |
| 19:15 | Build | Outpost |
| 19:17 | Research | Town Watch |
| 19:18 | Research | Town Watch |
| 19:19 | Queue | Knight |
| 19:20 | Queue | Knight |
| 19:21 | Queue | Villager (Male) |
| 19:25 | Build | Farm |
| 19:26 | Build | Farm |
| 19:26 | Queue | Villager (Male) |
| 19:34 | Queue | Villager (Male) |
| 19:36 | Build | Farm |
| 19:38 | Build | Farm |
| 19:40 | Queue | Villager (Male) |
| 19:44 | Build | Mining Camp |
| 19:45 | Queue | Villager (Male) |
| 19:47 | Build | House |
| 19:55 | Queue | Knight |
| 19:55 | Queue | Knight |
| 19:58 | Build | Outpost |
| 20:03 | Queue | Knight |
| 20:03 | Queue | Knight |
| 20:06 | Build | House |
| 20:07 | Build | House |
| 20:11 | Build | House |
| 20:12 | Queue | Villager (Male) |
| 20:19 | Queue | Knight |
| 20:19 | Queue | Knight |
| 20:19 | Queue | Knight |
| 20:20 | Queue | Knight |
| 20:31 | Research | Bloodlines |
| 20:32 | Research | Chain Barding Armor |
| 20:32 | Research | Chain Barding Armor |
Build order — Virtus | AMG
First 150 of 697 actions detected
| 0:02 | Queue | Villager (Male) |
| 0:02 | Queue | Villager (Male) |
| 0:02 | Queue | Villager (Male) |
| 0:03 | Build | House |
| 0:04 | Build | House |
| 0:06 | Queue | Villager (Male) |
| 0:07 | Queue | Villager (Male) |
| 1:30 | Queue | Villager (Male) |
| 1:48 | Queue | Villager (Male) |
| 1:54 | Build | Lumber Camp |
| 2:18 | Queue | Villager (Male) |
| 2:18 | Queue | Villager (Male) |
| 2:47 | Queue | Villager (Male) |
| 3:08 | Queue | Villager (Male) |
| 3:39 | Queue | Villager (Male) |
| 3:53 | Build | House |
| 4:00 | Queue | Villager (Male) |
| 4:13 | Queue | Villager (Male) |
| 4:31 | Queue | Villager (Male) |
| 4:35 | Build | House |
| 4:36 | Build | Mill |
| 5:05 | Queue | Villager (Male) |
| 5:59 | Queue | Villager (Male) |
| 5:59 | Queue | Villager (Male) |
| 5:59 | Queue | Villager (Male) |
| 7:07 | Research | Loom |
| 7:34 | Research | Feudal Age |
| 7:38 | Build | Barracks |
| 8:44 | Build | House |
| 8:48 | Queue | Villager (Male) |
| 9:49 | Age | Feudal Age |
| 9:50 | Build | Stable |
| 9:51 | Queue | Villager (Male) |
| 10:06 | Queue | Villager (Male) |
| 10:11 | Research | Double-Bit Axe |
| 10:13 | Research | Horse Collar |
| 10:15 | Queue | Villager (Male) |
| 10:18 | Build | Mining Camp |
| 10:21 | Queue | Villager (Male) |
| 10:31 | Queue | Scout Cavalry |
| 10:33 | Queue | Scout Cavalry |
| 10:48 | Build | Farm |
| 10:49 | Build | Farm |
| 10:50 | Queue | Villager (Male) |
| 10:53 | Queue | Scout Cavalry |
| 11:16 | Queue | Villager (Male) |
| 11:23 | Build | Farm |
| 11:26 | Build | Farm |
| 11:28 | Build | Farm |
| 11:51 | Queue | Villager (Male) |
| 11:56 | Build | House |
| 12:14 | Queue | Villager (Male) |
| 12:19 | Build | Farm |
| 12:21 | Build | Farm |
| 12:22 | Queue | Villager (Male) |
| 12:38 | Build | Blacksmith |
| 12:52 | Build | Farm |
| 13:10 | Build | Farm |
| 13:21 | Build | House |
| 13:39 | Build | Farm |
| 13:43 | Build | House |
| 13:48 | Queue | Villager (Male) |
| 13:54 | Build | Farm |
| 14:18 | Build | Farm |
| 14:23 | Build | Farm |
| 14:24 | Queue | Villager (Male) |
| 14:40 | Build | Farm |
| 14:43 | Queue | Villager (Male) |
| 14:45 | Queue | Villager (Male) |
| 15:18 | Build | Farm |
| 15:20 | Build | Farm |
| 15:22 | Queue | Villager (Male) |
| 15:46 | Research | Castle Age |
| 16:25 | Research | Gold Mining |
| 18:26 | Age | Castle Age |
| 18:33 | Build | Town Center |
| 18:34 | Queue | Villager (Male) |
| 18:38 | Build | Town Center |
| 19:19 | Queue | Villager (Male) |
| 19:20 | Queue | Villager (Male) |
| 19:20 | Queue | Villager (Male) |
| 19:33 | Research | Bow Saw |
| 19:34 | Research | Heavy Plow |
| 19:35 | Queue | Villager (Male) |
| 19:35 | Queue | Villager (Male) |
| 19:36 | Queue | Villager (Male) |
| 19:36 | Queue | Villager (Male) |
| 19:36 | Queue | Villager (Male) |
| 19:46 | Research | Wheelbarrow |
| 19:56 | Queue | Villager (Male) |
| 19:57 | Queue | Villager (Male) |
| 19:57 | Queue | Villager (Male) |
| 19:57 | Queue | Villager (Male) |
| 19:58 | Queue | Villager (Male) |
| 20:05 | Queue | Villager (Male) |
| 20:05 | Queue | Villager (Male) |
| 20:17 | Queue | Villager (Male) |
| 20:31 | Queue | Villager (Male) |
| 20:42 | Build | Market |
| 20:43 | Queue | Villager (Male) |
| 20:43 | Queue | Villager (Male) |
| 20:48 | Queue | Villager (Male) |
| 20:48 | Queue | Villager (Male) |
| 21:22 | Queue | Villager (Male) |
| 21:42 | Queue | Villager (Male) |
| 21:47 | Build | Town Center |
| 21:48 | Queue | Villager (Male) |
| 22:00 | Queue | Villager (Male) |
| 22:01 | Queue | Villager (Male) |
| 22:19 | Build | Farm |
| 22:23 | Build | Farm |
| 22:23 | Build | Farm |
| 22:24 | Build | Farm |
| 22:24 | Build | Farm |
| 22:24 | Build | Farm |
| 22:24 | Build | Farm |
| 22:25 | Build | Farm |
| 22:26 | Queue | Villager (Male) |
| 22:31 | Build | Farm |
| 22:32 | Build | Farm |
| 22:32 | Build | Farm |
| 22:32 | Build | Farm |
| 22:32 | Build | Farm |
| 22:33 | Build | Farm |
| 22:37 | Build | Farm |
| 22:37 | Queue | Villager (Male) |
| 22:38 | Queue | Villager (Male) |
| 22:44 | Build | House |
| 22:52 | Queue | Villager (Male) |
| 22:52 | Queue | Villager (Male) |
| 22:55 | Queue | Villager (Male) |
| 22:58 | Queue | Villager (Male) |
| 23:08 | Build | Farm |
| 23:16 | Queue | Villager (Male) |
| 23:16 | Queue | Villager (Male) |
| 23:20 | Build | Farm |
| 23:31 | Queue | Villager (Male) |
| 23:34 | Queue | Villager (Male) |
| 23:42 | Queue | Villager (Male) |
| 23:42 | Queue | Villager (Male) |
| 23:42 | Queue | Villager (Male) |
| 23:45 | Build | House |
| 23:47 | Build | House |
| 23:54 | Build | House |
| 23:54 | Build | House |
| 23:59 | Queue | Villager (Male) |
| 23:59 | Queue | Villager (Male) |
| 24:06 | Queue | Villager (Male) |
| 24:09 | Build | Farm |
| 24:09 | Queue | Villager (Male) |
Build order — Mastyjames
First 150 of 753 actions detected
| 0:02 | Queue | Villager (Male) ×4 |
| 0:03 | Build | House |
| 0:04 | Build | House |
| 1:22 | Queue | Villager (Male) |
| 1:22 | Queue | Villager (Male) |
| 1:50 | Build | Lumber Camp |
| 2:00 | Queue | Villager (Male) |
| 2:23 | Queue | Villager (Male) |
| 2:51 | Queue | Villager (Male) |
| 2:51 | Queue | Villager (Male) |
| 2:51 | Queue | Villager (Male) |
| 3:35 | Queue | Villager (Male) |
| 3:51 | Queue | Villager (Male) |
| 3:51 | Queue | Villager (Male) |
| 3:58 | Build | House |
| 4:31 | Queue | Villager (Male) |
| 4:31 | Queue | Villager (Male) |
| 5:07 | Build | House |
| 5:08 | Build | House |
| 5:19 | Build | Dock |
| 5:25 | Queue | Villager (Male) |
| 5:41 | Build | Palisade Wall |
| 5:42 | Build | Palisade Wall |
| 5:43 | Build | Palisade Wall |
| 5:43 | Build | Palisade Wall |
| 5:44 | Build | Palisade Wall |
| 5:44 | Build | Palisade Wall |
| 5:48 | Queue | Villager (Male) |
| 5:48 | Queue | Villager (Male) |
| 5:58 | Queue | Fishing Ship |
| 6:23 | Queue | Villager (Male) |
| 6:32 | Queue | Fishing Ship |
| 6:51 | Queue | Villager (Male) |
| 7:05 | Queue | Fishing Ship |
| 7:05 | Queue | Fishing Ship |
| 7:20 | Queue | Villager (Male) |
| 7:46 | Build | Mill |
| 7:50 | Queue | Villager (Male) |
| 8:02 | Build | House |
| 8:09 | Queue | Villager (Male) |
| 8:27 | Build | Mining Camp |
| 8:42 | Research | Feudal Age |
| 8:42 | Research | Feudal Age |
| 9:02 | Queue | Villager (Male) |
| 9:03 | Queue | Villager (Male) |
| 9:24 | Queue | Fishing Ship |
| 9:27 | Build | Palisade Wall |
| 9:28 | Build | Palisade Wall |
| 9:31 | Build | House |
| 10:57 | Age | Feudal Age |
| 11:00 | Build | Market |
| 11:02 | Build | Blacksmith |
| 11:19 | Build | House |
| 11:33 | Queue | Fishing Ship |
| 11:46 | Research | Castle Age |
| 11:46 | Research | Castle Age |
| 12:39 | Queue | Fishing Ship |
| 12:46 | Research | Double-Bit Axe |
| 12:50 | Research | Horse Collar |
| 12:50 | Research | Horse Collar |
| 13:18 | Build | Farm |
| 13:20 | Build | Farm |
| 13:22 | Build | Farm |
| 13:25 | Build | Farm |
| 14:20 | Queue | Villager (Male) |
| 14:27 | Age | Castle Age |
| 14:30 | Build | Town Center |
| 14:33 | Build | Town Center |
| 14:43 | Research | Bow Saw |
| 14:45 | Queue | Villager (Male) |
| 14:59 | Queue | Villager (Male) |
| 15:19 | Queue | Villager (Male) |
| 15:43 | Build | Farm |
| 15:45 | Build | Farm |
| 15:55 | Queue | Villager (Male) |
| 15:59 | Queue | Villager (Male) |
| 16:02 | Queue | Villager (Male) |
| 16:02 | Queue | Villager (Male) |
| 16:04 | Build | Farm |
| 16:06 | Build | Farm |
| 16:09 | Build | Farm |
| 16:13 | Queue | Villager (Male) |
| 16:13 | Queue | Villager (Male) |
| 16:30 | Queue | Villager (Male) ×2 |
| 16:37 | Queue | Villager (Male) |
| 16:38 | Build | Farm |
| 16:40 | Build | Farm |
| 16:44 | Build | Farm |
| 16:55 | Research | Loom |
| 16:57 | Build | Outpost |
| 16:59 | Research | Town Watch |
| 16:59 | Research | Town Watch |
| 17:09 | Build | Farm |
| 17:14 | Build | Farm |
| 17:18 | Build | Farm |
| 17:18 | Queue | Villager (Male) |
| 17:19 | Queue | Villager (Male) |
| 17:31 | Queue | Villager (Male) |
| 17:31 | Queue | Villager (Male) |
| 17:32 | Queue | Villager (Male) |
| 17:32 | Queue | Villager (Male) |
| 17:39 | Build | Outpost |
| 17:44 | Queue | Villager (Male) |
| 17:45 | Queue | Villager (Male) |
| 17:57 | Queue | Villager (Male) |
| 17:58 | Queue | Villager (Male) |
| 18:16 | Build | Town Center |
| 18:22 | Queue | Villager (Male) ×3 |
| 18:28 | Build | Outpost |
| 18:33 | Build | Farm |
| 18:37 | Build | Farm |
| 18:44 | Queue | Villager (Male) ×2 |
| 18:45 | Queue | Villager (Male) ×2 |
| 18:45 | Queue | Villager (Male) ×2 |
| 18:49 | Build | Outpost |
| 18:50 | Build | Outpost |
| 18:55 | Build | Outpost |
| 18:56 | Queue | Villager (Male) |
| 18:56 | Queue | Villager (Male) |
| 19:00 | Build | House |
| 19:00 | Build | House |
| 19:01 | Build | House |
| 19:04 | Build | Farm |
| 19:05 | Queue | Villager (Male) |
| 19:05 | Queue | Villager (Male) |
| 19:16 | Queue | Villager (Male) ×2 |
| 19:16 | Queue | Villager (Male) ×2 |
| 19:18 | Build | Farm |
| 19:21 | Build | Farm |
| 19:35 | Queue | Villager (Male) |
| 19:35 | Queue | Villager (Male) |
| 19:35 | Queue | Villager (Male) |
| 19:37 | Build | House |
| 19:43 | Build | Outpost |
| 19:46 | Queue | Villager (Male) |
| 19:53 | Build | Farm |
| 19:54 | Queue | Villager (Male) |
| 19:54 | Queue | Villager (Male) |
| 20:04 | Build | Stone Wall |
| 20:11 | Queue | Villager (Male) ×3 |
| 20:18 | Research | Stone Mining |
| 20:18 | Research | Stone Mining |
| 20:23 | Build | Gate |
| 20:28 | Build | House |
| 20:30 | Build | House |
| 20:31 | Build | House |
| 20:34 | Build | House |
| 20:35 | Queue | Villager (Male) |
| 20:35 | Queue | Villager (Male) |
| 20:37 | Queue | Villager (Male) |
Build order — Emu Warrior
First 150 of 855 actions detected
| 0:01 | Queue | Villager (Male) |
| 0:01 | Queue | Villager (Male) |
| 0:02 | Queue | Villager (Male) |
| 0:02 | Queue | Villager (Male) |
| 0:03 | Build | House |
| 0:04 | Build | House |
| 1:31 | Queue | Villager (Male) |
| 1:32 | Queue | Villager (Male) |
| 1:51 | Queue | Villager (Male) |
| 1:53 | Build | Lumber Camp |
| 2:25 | Queue | Villager (Male) |
| 2:36 | Queue | Villager (Male) |
| 2:53 | Queue | Villager (Male) |
| 3:05 | Build | House |
| 3:29 | Queue | Villager (Male) |
| 3:29 | Queue | Villager (Male) |
| 3:58 | Queue | Villager (Male) |
| 4:02 | Queue | Villager (Male) |
| 4:02 | Queue | Villager (Male) |
| 4:29 | Queue | Villager (Male) |
| 4:57 | Queue | Villager (Male) |
| 4:57 | Queue | Villager (Male) |
| 5:03 | Queue | Villager (Male) |
| 5:09 | Build | House |
| 5:14 | Queue | Villager (Male) |
| 5:31 | Build | Mill |
| 5:35 | Queue | Villager (Male) |
| 5:35 | Queue | Villager (Male) |
| 6:38 | Queue | Villager (Male) |
| 6:43 | Queue | Villager (Male) |
| 6:44 | Queue | Villager (Male) |
| 7:16 | Build | House |
| 7:38 | Build | Farm |
| 7:39 | Build | Farm |
| 7:39 | Build | Farm |
| 7:48 | Queue | Villager (Male) |
| 8:02 | Build | Mining Camp |
| 8:05 | Queue | Villager (Male) |
| 8:07 | Research | Loom |
| 8:21 | Research | Feudal Age |
| 8:21 | Research | Feudal Age |
| 9:14 | Queue | Villager (Male) |
| 9:14 | Queue | Villager (Male) |
| 11:22 | Age | Feudal Age |
| 11:25 | Build | Market |
| 11:27 | Build | Blacksmith |
| 11:42 | Build | House |
| 12:07 | Research | Horse Collar |
| 12:14 | Research | Castle Age |
| 12:14 | Research | Castle Age |
| 12:29 | Build | Farm |
| 12:31 | Build | Farm |
| 12:31 | Build | Farm |
| 12:35 | Build | Farm |
| 12:40 | Build | Farm |
| 12:58 | Queue | Villager (Male) |
| 12:59 | Queue | Villager (Male) |
| 14:27 | Queue | Villager (Male) |
| 14:53 | Queue | Villager (Male) |
| 14:54 | Age | Castle Age |
| 14:57 | Build | Town Center |
| 15:01 | Build | Town Center |
| 15:16 | Research | Heavy Plow |
| 15:16 | Research | Heavy Plow |
| 15:52 | Queue | Villager (Male) |
| 16:12 | Research | Wheelbarrow |
| 16:16 | Queue | Villager (Male) |
| 16:16 | Queue | Villager (Male) |
| 16:23 | Queue | Villager (Male) |
| 16:29 | Queue | Villager (Male) |
| 16:29 | Queue | Villager (Male) |
| 16:30 | Queue | Villager (Male) |
| 16:30 | Queue | Villager (Male) |
| 16:32 | Build | Farm |
| 16:41 | Queue | Villager (Male) |
| 16:43 | Build | Farm |
| 16:47 | Queue | Villager (Male) |
| 16:47 | Queue | Villager (Male) |
| 16:53 | Build | Farm |
| 17:06 | Queue | Villager (Male) |
| 17:10 | Build | Farm |
| 17:33 | Queue | Villager (Male) |
| 17:35 | Build | Farm |
| 17:36 | Build | Farm |
| 17:51 | Queue | Villager (Male) |
| 17:54 | Build | Farm |
| 17:55 | Queue | Villager (Male) |
| 18:01 | Queue | Villager (Male) |
| 18:03 | Build | Farm |
| 18:06 | Build | Farm |
| 18:10 | Build | House |
| 18:12 | Queue | Villager (Male) |
| 18:16 | Build | House |
| 18:19 | Queue | Villager (Male) |
| 18:19 | Queue | Villager (Male) |
| 18:21 | Build | Farm |
| 18:32 | Research | Stone Mining |
| 18:32 | Research | Stone Mining |
| 18:35 | Queue | Villager (Male) |
| 18:39 | Build | Farm |
| 18:40 | Queue | Villager (Male) |
| 18:40 | Queue | Villager (Male) |
| 18:43 | Build | House |
| 18:43 | Build | House |
| 18:44 | Build | House |
| 18:57 | Queue | Villager (Male) |
| 19:01 | Build | Farm |
| 19:12 | Queue | Villager (Male) |
| 19:12 | Queue | Villager (Male) |
| 19:14 | Build | Farm |
| 19:16 | Queue | Villager (Male) |
| 19:19 | Build | Farm |
| 19:31 | Build | Farm |
| 19:34 | Research | Town Watch |
| 19:58 | Queue | Villager (Male) |
| 19:58 | Queue | Villager (Male) |
| 19:59 | Queue | Villager (Male) |
| 19:59 | Queue | Villager (Male) |
| 20:01 | Build | House |
| 20:07 | Queue | Villager (Male) |
| 20:11 | Build | Farm |
| 20:12 | Build | Farm |
| 20:16 | Build | Farm |
| 20:20 | Queue | Villager (Male) |
| 20:20 | Queue | Villager (Male) |
| 20:23 | Build | House |
| 20:23 | Build | House |
| 20:24 | Build | House |
| 20:42 | Build | Monastery |
| 20:44 | Queue | Villager (Male) |
| 20:44 | Queue | Villager (Male) |
| 20:45 | Queue | Villager (Male) |
| 20:45 | Queue | Villager (Male) |
| 20:45 | Queue | Villager (Male) |
| 20:57 | Build | Farm |
| 20:59 | Queue | Villager (Male) |
| 21:01 | Build | Lumber Camp |
| 21:13 | Build | Castle |
| 21:32 | Research | Hand Cart |
| 21:33 | Queue | Villager (Male) |
| 21:34 | Queue | Villager (Male) |
| 21:37 | Queue | Villager (Male) |
| 21:43 | Queue | Villager (Male) |
| 21:45 | Queue | Monk |
| 21:53 | Queue | Villager (Male) |
| 21:55 | Build | Mining Camp |
| 22:18 | Build | Mining Camp |
| 22:22 | Queue | Villager (Male) |
| 22:22 | Queue | Villager (Male) |
| 22:22 | Queue | Villager (Male) |
Build order — Virtus | AboKeiTo
First 150 of 1293 actions detected
| 0:02 | Queue | Villager (Male) |
| 0:02 | Queue | Villager (Male) |
| 0:02 | Queue | Villager (Male) |
| 0:03 | Build | House |
| 0:04 | Build | House |
| 0:08 | Queue | Villager (Male) |
| 1:27 | Queue | Villager (Male) |
| 1:50 | Build | Lumber Camp |
| 1:59 | Queue | Villager (Male) |
| 2:24 | Queue | Villager (Male) |
| 2:24 | Queue | Villager (Male) |
| 2:51 | Queue | Villager (Male) |
| 3:23 | Queue | Villager (Male) |
| 3:40 | Queue | Villager (Male) |
| 3:50 | Build | House |
| 4:13 | Queue | Villager (Male) |
| 4:35 | Queue | Villager (Male) |
| 4:44 | Build | Dock |
| 4:55 | Build | Palisade Wall |
| 4:58 | Build | Palisade Wall |
| 5:00 | Build | Palisade Wall |
| 5:04 | Queue | Villager (Male) |
| 5:04 | Queue | Villager (Male) |
| 5:14 | Build | House |
| 5:22 | Queue | Fishing Ship |
| 5:54 | Queue | Villager (Male) |
| 5:58 | Queue | Fishing Ship |
| 6:10 | Build | House |
| 6:31 | Research | Loom |
| 6:32 | Queue | Villager (Male) |
| 6:47 | Queue | Fishing Ship |
| 6:50 | Queue | Villager (Male) |
| 6:51 | Build | Palisade Wall |
| 7:31 | Queue | Fishing Ship |
| 7:44 | Build | House |
| 7:53 | Research | Feudal Age |
| 8:45 | Build | Mining Camp |
| 9:32 | Queue | Fishing Ship |
| 9:32 | Queue | Fishing Ship |
| 9:43 | Queue | Villager (Male) |
| 9:47 | Build | Dock |
| 10:03 | Age | Feudal Age |
| 10:11 | Queue | Galley |
| 10:11 | Queue | Galley |
| 10:22 | Queue | Villager (Male) |
| 10:26 | Queue | Galley |
| 10:30 | Queue | Villager (Male) |
| 10:33 | Build | House |
| 10:37 | Build | Blacksmith |
| 10:49 | Queue | Villager (Male) |
| 10:52 | Build | House |
| 10:54 | Queue | Villager (Male) |
| 10:58 | Research | Double-Bit Axe |
| 11:11 | Queue | Unit 2626 |
| 11:38 | Build | Mill |
| 11:51 | Research | Fletching |
| 12:08 | Queue | Villager (Male) |
| 12:17 | Build | House |
| 12:18 | Build | House |
| 12:25 | Queue | Unit 2626 |
| 12:26 | Queue | Unit 2626 |
| 12:38 | Queue | Villager (Male) |
| 12:39 | Queue | Villager (Male) |
| 13:16 | Queue | Villager (Male) |
| 13:20 | Build | Market |
| 13:36 | Build | Dock |
| 13:54 | Queue | Villager (Male) |
| 14:21 | Queue | Villager (Male) |
| 14:44 | Queue | Villager (Male) |
| 15:00 | Queue | Villager (Male) |
| 15:47 | Research | Castle Age |
| 15:47 | Research | Castle Age |
| 15:53 | Build | Lumber Camp |
| 16:17 | Research | Tech 906 |
| 17:06 | Queue | Unit 2626 |
| 17:06 | Queue | Unit 2626 |
| 17:07 | Queue | Unit 2626 |
| 17:34 | Build | House |
| 17:39 | Research | Forging |
| 18:24 | Queue | Villager (Male) |
| 18:27 | Age | Castle Age |
| 18:35 | Queue | Villager (Male) |
| 18:38 | Queue | Villager (Male) |
| 18:40 | Build | Town Center |
| 18:44 | Research | War Galley (upgrade) |
| 18:45 | Queue | Villager (Male) |
| 18:52 | Build | Town Center |
| 19:02 | Queue | Villager (Male) |
| 19:32 | Research | Horse Collar |
| 19:33 | Research | Bow Saw |
| 19:35 | Queue | Villager (Male) |
| 19:35 | Queue | Villager (Male) |
| 19:53 | Queue | Villager (Male) |
| 20:08 | Queue | Villager (Male) |
| 20:14 | Research | Heavy Plow |
| 20:21 | Queue | Villager (Male) |
| 20:35 | Build | Farm |
| 20:36 | Build | Farm |
| 20:40 | Build | House |
| 20:44 | Build | Lumber Camp |
| 20:47 | Build | Farm |
| 20:49 | Queue | Villager (Male) |
| 20:59 | Build | Farm |
| 21:00 | Build | Farm |
| 21:19 | Queue | Villager (Male) |
| 21:25 | Build | Town Center |
| 21:28 | Build | Farm |
| 21:29 | Queue | Villager (Male) |
| 21:30 | Build | Farm |
| 21:30 | Queue | Villager (Male) |
| 21:42 | Queue | Villager (Male) |
| 21:56 | Queue | Villager (Male) |
| 22:00 | Queue | Villager (Male) |
| 22:05 | Build | Farm |
| 22:07 | Build | Farm |
| 22:09 | Build | Farm |
| 22:09 | Build | Farm |
| 22:10 | Build | Farm |
| 22:11 | Queue | Villager (Male) |
| 22:14 | Build | Farm |
| 22:15 | Build | Farm |
| 22:20 | Queue | Villager (Male) |
| 22:20 | Queue | Villager (Male) |
| 22:34 | Research | Wheelbarrow |
| 22:36 | Queue | Villager (Male) |
| 22:46 | Build | Farm |
| 22:46 | Build | Farm |
| 22:50 | Queue | Villager (Male) |
| 22:59 | Queue | Villager (Male) |
| 23:00 | Queue | Villager (Male) |
| 23:00 | Queue | Villager (Male) |
| 23:02 | Build | Farm |
| 23:05 | Build | Farm |
| 23:07 | Queue | Villager (Male) |
| 23:11 | Queue | Villager (Male) |
| 23:12 | Build | House |
| 23:13 | Build | House |
| 23:18 | Build | House |
| 23:19 | Build | House |
| 23:19 | Build | House |
| 23:19 | Build | House |
| 23:22 | Queue | Villager (Male) |
| 23:32 | Queue | Villager (Male) |
| 23:35 | Build | Farm |
| 23:35 | Build | Farm |
| 23:38 | Build | Farm |
| 23:40 | Queue | Villager (Male) |
| 23:40 | Queue | Villager (Male) |
| 23:41 | Build | Farm |
| 23:44 | Queue | Villager (Male) |
Build order — Honeybadger
First 150 of 1265 actions detected
| 0:01 | Queue | Villager (Male) |
| 0:02 | Queue | Villager (Male) |
| 0:03 | Build | House |
| 0:04 | Build | House |
| 0:17 | Queue | Villager (Male) |
| 0:17 | Queue | Villager (Male) |
| 0:17 | Queue | Villager (Male) |
| 1:44 | Queue | Villager (Male) |
| 1:44 | Queue | Villager (Male) |
| 1:46 | Build | Lumber Camp |
| 2:05 | Queue | Villager (Male) |
| 2:05 | Queue | Villager (Male) |
| 2:28 | Queue | Villager (Male) |
| 3:03 | Queue | Villager (Male) |
| 3:30 | Queue | Villager (Male) |
| 3:30 | Queue | Villager (Male) |
| 3:41 | Research | Loom |
| 4:14 | Build | Dock |
| 4:17 | Queue | Villager (Male) |
| 4:31 | Build | House |
| 4:34 | Queue | Villager (Male) |
| 4:56 | Queue | Villager (Male) |
| 5:03 | Queue | Fishing Ship |
| 5:08 | Queue | Villager (Male) |
| 5:44 | Queue | Villager (Male) |
| 6:01 | Queue | Villager (Male) |
| 6:01 | Queue | Villager (Male) |
| 6:04 | Queue | Fishing Ship |
| 6:08 | Build | House |
| 6:23 | Queue | Villager (Male) |
| 6:47 | Queue | Fishing Ship |
| 7:30 | Build | Palisade Wall |
| 7:31 | Build | Palisade Wall |
| 7:37 | Build | House |
| 7:39 | Build | Palisade Wall |
| 7:41 | Queue | Villager (Male) |
| 8:09 | Research | Feudal Age |
| 8:19 | Build | Mining Camp |
| 8:45 | Queue | Villager (Male) |
| 9:03 | Build | Mill |
| 9:27 | Age | Feudal Age |
| 9:28 | Build | Palisade Wall |
| 9:31 | Queue | Fire Galley |
| 9:38 | Queue | Villager (Male) |
| 9:40 | Research | Double-Bit Axe |
| 9:49 | Build | Palisade Wall |
| 9:52 | Build | Palisade Wall |
| 10:05 | Queue | Villager (Male) |
| 10:16 | Queue | Fire Galley |
| 11:01 | Queue | Unit 2626 |
| 11:18 | Queue | Villager (Male) |
| 11:19 | Queue | Villager (Male) |
| 11:22 | Research | Horse Collar |
| 11:40 | Queue | Trade Cog |
| 11:43 | Queue | Unit 2626 |
| 11:49 | Build | Farm |
| 11:49 | Build | Farm |
| 11:49 | Build | Farm |
| 11:51 | Build | Farm |
| 11:55 | Research | Wheelbarrow |
| 12:00 | Build | House |
| 12:02 | Build | House |
| 12:07 | Build | House |
| 12:44 | Queue | Villager (Male) |
| 12:55 | Build | House |
| 12:56 | Build | House |
| 12:58 | Build | Blacksmith |
| 13:08 | Build | Farm |
| 13:12 | Build | Farm |
| 13:21 | Queue | Unit 2626 |
| 13:37 | Build | Palisade Wall |
| 13:38 | Build | Palisade Wall |
| 13:41 | Queue | Villager (Male) |
| 13:56 | Queue | Unit 2626 |
| 13:59 | Queue | Villager (Male) |
| 14:23 | Queue | Unit 2626 |
| 14:34 | Build | Farm |
| 14:35 | Build | Farm |
| 14:35 | Queue | Villager (Male) |
| 15:05 | Queue | Unit 2626 |
| 15:11 | Queue | Villager (Male) |
| 15:13 | Build | Farm |
| 15:15 | Build | Farm |
| 15:33 | Queue | Unit 2626 |
| 15:48 | Queue | Villager (Male) |
| 15:48 | Queue | Villager (Male) |
| 15:48 | Queue | Villager (Male) |
| 15:59 | Build | Palisade Wall |
| 16:03 | Build | Palisade Wall |
| 16:05 | Build | Palisade Wall |
| 16:16 | Research | Forging |
| 16:20 | Queue | Villager (Male) |
| 16:29 | Queue | Unit 2626 |
| 16:32 | Queue | Villager (Male) |
| 16:43 | Build | Market |
| 16:49 | Queue | Villager (Male) |
| 16:57 | Queue | Unit 2626 |
| 17:11 | Queue | Villager (Male) |
| 17:33 | Research | Castle Age |
| 17:34 | Research | Castle Age |
| 18:20 | Build | Lumber Camp |
| 18:38 | Build | House |
| 18:39 | Build | House |
| 18:39 | Build | House |
| 18:42 | Queue | Unit 2626 |
| 18:45 | Queue | Villager (Male) |
| 19:15 | Age | Castle Age |
| 19:20 | Build | Town Center |
| 19:25 | Research | Bow Saw |
| 19:27 | Queue | Villager (Male) |
| 19:49 | Queue | Villager (Male) |
| 19:49 | Queue | Villager (Male) |
| 20:04 | Queue | Unit 2626 |
| 20:04 | Queue | Unit 2626 |
| 20:08 | Queue | Villager (Male) |
| 20:35 | Build | Town Center |
| 20:42 | Queue | Villager (Male) |
| 20:43 | Queue | Villager (Male) |
| 21:05 | Queue | Villager (Male) |
| 21:06 | Queue | Villager (Male) |
| 21:12 | Build | Farm |
| 21:12 | Build | Farm |
| 21:13 | Build | Farm |
| 21:13 | Build | Farm |
| 21:13 | Build | Farm |
| 21:21 | Queue | Villager (Male) |
| 21:22 | Queue | Villager (Male) |
| 21:53 | Queue | Villager (Male) |
| 21:59 | Build | House |
| 22:01 | Build | House |
| 22:03 | Build | Palisade Wall |
| 22:14 | Build | Palisade Wall |
| 22:19 | Queue | Villager (Male) |
| 22:21 | Build | Barracks |
| 22:23 | Queue | Villager (Male) |
| 22:23 | Queue | Villager (Male) |
| 22:34 | Queue | Villager (Male) |
| 22:34 | Queue | Villager (Male) |
| 22:58 | Queue | Villager (Male) |
| 22:58 | Queue | Villager (Male) |
| 23:03 | Build | Barracks |
| 23:27 | Queue | Villager (Male) |
| 23:28 | Queue | Villager (Male) |
| 23:37 | Research | Pikeman (upgrade) |
| 23:57 | Queue | Villager (Male) |
| 23:57 | Queue | Villager (Male) |
| 23:57 | Queue | Villager (Male) |
| 23:59 | Queue | Villager (Male) |
| 23:59 | Queue | Villager (Male) |
| 24:15 | Queue | Spearman |
Build order — Virtus | Sobek
First 150 of 1141 actions detected
| 0:00 | Queue | Villager (Male) |
| 0:01 | Queue | Villager (Male) |
| 0:01 | Queue | Villager (Male) |
| 0:01 | Queue | Villager (Male) |
| 0:02 | Build | House |
| 0:04 | Build | House |
| 1:23 | Queue | Villager (Male) |
| 1:57 | Build | Lumber Camp |
| 1:59 | Queue | Villager (Male) |
| 2:18 | Queue | Villager (Male) |
| 2:46 | Queue | Villager (Male) |
| 3:06 | Queue | Villager (Male) |
| 3:29 | Build | House |
| 3:34 | Queue | Villager (Male) |
| 4:03 | Queue | Villager (Male) |
| 4:24 | Queue | Villager (Male) |
| 4:39 | Build | Dock |
| 4:42 | Queue | Villager (Male) |
| 4:49 | Build | Palisade Wall |
| 4:50 | Build | Palisade Wall |
| 4:52 | Build | Palisade Wall |
| 4:53 | Build | Palisade Wall |
| 4:58 | Queue | Villager (Male) |
| 5:12 | Build | House |
| 5:20 | Queue | Villager (Male) |
| 5:32 | Queue | Fishing Ship |
| 6:07 | Queue | Fishing Ship |
| 6:17 | Queue | Villager (Male) |
| 6:19 | Queue | Villager (Male) |
| 6:34 | Research | Loom |
| 6:54 | Queue | Fishing Ship |
| 7:32 | Research | Feudal Age |
| 8:02 | Build | Lumber Camp |
| 8:12 | Build | Mining Camp |
| 8:58 | Build | Dock |
| 9:03 | Build | Palisade Wall |
| 9:04 | Build | Palisade Wall |
| 9:15 | Build | House |
| 9:18 | Queue | Villager (Male) |
| 9:18 | Queue | Villager (Male) |
| 9:42 | Age | Feudal Age |
| 9:43 | Queue | Unit 2626 |
| 9:43 | Queue | Unit 2626 |
| 9:52 | Research | Double-Bit Axe |
| 9:53 | Queue | Villager (Male) |
| 10:14 | Queue | Villager (Male) |
| 10:16 | Queue | Villager (Male) |
| 10:26 | Queue | Unit 2626 |
| 10:27 | Queue | Unit 2626 |
| 10:32 | Queue | Villager (Male) |
| 10:35 | Build | House |
| 10:39 | Build | House |
| 10:40 | Build | House |
| 10:58 | Queue | Villager (Male) |
| 11:18 | Queue | Unit 2626 |
| 11:25 | Queue | Villager (Male) |
| 11:44 | Queue | Villager (Male) |
| 11:48 | Build | House |
| 11:53 | Queue | Unit 2626 |
| 12:09 | Queue | Villager (Male) |
| 12:19 | Queue | Villager (Male) |
| 12:23 | Build | Mill |
| 12:48 | Queue | Villager (Male) |
| 13:00 | Queue | Villager (Male) |
| 13:22 | Research | Horse Collar |
| 13:23 | Queue | Villager (Male) |
| 13:30 | Build | House |
| 13:44 | Build | Farm |
| 13:47 | Build | Farm |
| 13:48 | Build | Farm |
| 13:58 | Build | Farm |
| 14:05 | Queue | Villager (Male) |
| 14:06 | Build | Farm |
| 14:25 | Build | Farm |
| 14:26 | Build | Farm |
| 14:33 | Build | House |
| 14:48 | Build | Farm |
| 14:48 | Queue | Villager (Male) |
| 15:08 | Queue | Unit 2626 |
| 15:08 | Queue | Unit 2626 |
| 15:29 | Queue | Villager (Male) |
| 15:35 | Build | Market |
| 15:37 | Build | Blacksmith |
| 15:41 | Queue | Unit 2626 |
| 15:42 | Queue | Unit 2626 |
| 15:45 | Build | Farm |
| 15:47 | Build | Farm |
| 16:26 | Queue | Unit 2626 |
| 16:28 | Queue | Unit 2626 |
| 16:56 | Research | Castle Age |
| 17:30 | Queue | Unit 2626 |
| 17:31 | Queue | Unit 2626 |
| 17:42 | Queue | Villager (Male) |
| 18:02 | Research | Forging |
| 18:03 | Queue | Unit 2626 |
| 18:03 | Queue | Unit 2626 |
| 18:28 | Queue | Unit 2626 |
| 18:28 | Queue | Unit 2626 |
| 18:48 | Build | House |
| 18:48 | Build | House |
| 18:51 | Queue | Villager (Male) |
| 19:50 | Age | Castle Age |
| 19:59 | Queue | Villager (Male) |
| 20:00 | Build | Town Center |
| 20:02 | Queue | Villager (Male) |
| 20:05 | Build | Town Center |
| 20:35 | Queue | Villager (Male) |
| 20:42 | Queue | Villager (Male) |
| 20:45 | Build | Town Center |
| 21:00 | Build | Lumber Camp |
| 21:01 | Queue | Villager (Male) |
| 21:07 | Queue | Villager (Male) |
| 21:11 | Build | Farm |
| 21:14 | Research | Bow Saw |
| 21:17 | Queue | Villager (Male) |
| 21:28 | Build | House |
| 21:29 | Build | House |
| 21:29 | Build | House |
| 21:33 | Queue | Villager (Male) |
| 21:35 | Queue | Villager (Male) |
| 21:35 | Queue | Villager (Male) |
| 21:36 | Queue | Villager (Male) |
| 21:40 | Research | Coinage |
| 21:43 | Queue | Villager (Male) |
| 21:50 | Build | Farm |
| 21:52 | Queue | Villager (Male) |
| 21:59 | Queue | Villager (Male) |
| 22:00 | Queue | Villager (Male) |
| 22:03 | Queue | Villager (Male) |
| 22:05 | Build | Farm |
| 22:06 | Build | Farm |
| 22:08 | Build | Farm |
| 22:09 | Queue | Villager (Male) |
| 22:12 | Queue | Villager (Male) |
| 22:21 | Queue | Villager (Male) |
| 22:22 | Queue | Villager (Male) |
| 22:23 | Queue | Villager (Male) |
| 22:39 | Queue | Villager (Male) |
| 22:41 | Build | Farm |
| 22:45 | Queue | Villager (Male) |
| 22:47 | Build | Farm |
| 22:48 | Build | Farm |
| 22:50 | Queue | Villager (Male) |
| 22:53 | Queue | Villager (Male) |
| 23:01 | Queue | Villager (Male) |
| 23:03 | Build | Farm |
| 23:05 | Build | House |
| 23:07 | Queue | Villager (Male) |
| 23:09 | Build | Farm |
| 23:10 | Build | Farm |
Build order — Smokey
First 150 of 974 actions detected
| 0:02 | Research | Loom |
| 0:02 | Research | Loom |
| 0:42 | Queue | Villager (Male) |
| 1:07 | Queue | Villager (Male) |
| 1:30 | Queue | Villager (Male) |
| 1:56 | Queue | Villager (Male) |
| 2:13 | Queue | Villager (Male) |
| 2:38 | Build | Lumber Camp |
| 2:48 | Queue | Villager (Male) |
| 2:49 | Queue | Villager (Male) |
| 3:05 | Queue | Villager (Male) |
| 3:37 | Queue | Villager (Male) |
| 3:46 | Build | House |
| 3:50 | Queue | Villager (Male) |
| 4:15 | Queue | Villager (Male) |
| 4:15 | Queue | Villager (Male) |
| 4:28 | Build | House |
| 4:45 | Queue | Villager (Male) |
| 4:45 | Queue | Villager (Male) |
| 4:45 | Queue | Villager (Male) |
| 4:51 | Build | Dock |
| 5:31 | Queue | Villager (Male) |
| 5:31 | Queue | Villager (Male) |
| 5:42 | Queue | Fishing Ship |
| 5:51 | Build | Palisade Wall |
| 5:53 | Build | Palisade Wall |
| 6:00 | Queue | Villager (Male) |
| 6:34 | Queue | Fishing Ship |
| 6:44 | Build | Palisade Wall |
| 6:45 | Build | Palisade Wall |
| 6:48 | Build | Palisade Wall |
| 6:50 | Build | Palisade Wall |
| 6:52 | Build | Palisade Wall |
| 6:55 | Build | Palisade Wall |
| 7:00 | Queue | Villager (Male) |
| 7:00 | Queue | Villager (Male) |
| 7:11 | Queue | Fishing Ship |
| 7:33 | Build | House |
| 7:35 | Build | House |
| 7:59 | Queue | Fishing Ship |
| 8:08 | Queue | Villager (Male) |
| 8:12 | Build | Mill |
| 8:47 | Queue | Villager (Male) |
| 8:47 | Queue | Villager (Male) |
| 9:17 | Build | Dock |
| 9:28 | Queue | Villager (Male) |
| 9:43 | Research | Feudal Age |
| 9:43 | Research | Feudal Age |
| 10:40 | Build | Mining Camp |
| 11:58 | Queue | Villager (Male) |
| 12:12 | Age | Feudal Age |
| 12:13 | Build | Market |
| 12:20 | Build | Blacksmith |
| 12:41 | Queue | Villager (Male) |
| 12:42 | Queue | Villager (Male) |
| 12:49 | Build | Palisade Wall |
| 13:45 | Research | Castle Age |
| 14:23 | Research | Horse Collar |
| 14:46 | Research | Double-Bit Axe |
| 14:46 | Research | Double-Bit Axe |
| 14:58 | Build | Farm |
| 14:58 | Build | Farm |
| 14:58 | Build | Farm |
| 14:58 | Build | Farm |
| 14:58 | Build | Farm |
| 14:59 | Build | Farm |
| 14:59 | Build | Farm |
| 14:59 | Build | Farm |
| 15:25 | Build | House |
| 16:20 | Queue | Villager (Male) |
| 16:25 | Age | Castle Age |
| 16:28 | Build | Town Center |
| 16:31 | Build | Town Center |
| 16:38 | Queue | Villager (Male) |
| 16:40 | Research | Bow Saw |
| 16:57 | Queue | Villager (Male) |
| 17:16 | Build | Farm |
| 17:17 | Build | Farm |
| 17:18 | Build | Farm |
| 17:19 | Build | Farm |
| 17:22 | Queue | Villager (Male) |
| 17:46 | Queue | Villager (Male) |
| 18:02 | Queue | Villager (Male) |
| 18:02 | Queue | Villager (Male) |
| 18:04 | Queue | Villager (Male) |
| 18:05 | Queue | Villager (Male) |
| 18:06 | Build | Farm |
| 18:06 | Build | Farm |
| 18:07 | Build | Farm |
| 18:08 | Build | Farm |
| 18:18 | Queue | Villager (Male) |
| 18:36 | Queue | Villager (Male) |
| 18:36 | Queue | Villager (Male) |
| 18:36 | Queue | Villager (Male) |
| 18:37 | Queue | Villager (Male) |
| 18:47 | Build | Farm |
| 18:48 | Build | Farm |
| 19:04 | Queue | Villager (Male) |
| 19:05 | Queue | Villager (Male) |
| 19:06 | Build | Lumber Camp |
| 19:41 | Queue | Villager (Male) |
| 19:42 | Queue | Villager (Male) |
| 20:00 | Build | Town Center |
| 20:09 | Queue | Villager (Male) |
| 20:09 | Queue | Villager (Male) |
| 20:13 | Queue | Villager (Male) |
| 20:13 | Queue | Villager (Male) |
| 20:13 | Queue | Villager (Male) |
| 20:14 | Queue | Villager (Male) |
| 20:17 | Build | House |
| 20:42 | Build | Town Center |
| 20:46 | Queue | Villager (Male) |
| 20:46 | Queue | Villager (Male) |
| 20:46 | Queue | Villager (Male) |
| 20:58 | Build | Farm |
| 20:59 | Build | Farm |
| 21:00 | Build | Farm |
| 21:00 | Build | Farm |
| 21:05 | Queue | Villager (Male) |
| 21:05 | Queue | Villager (Male) |
| 21:08 | Build | Farm |
| 21:20 | Queue | Villager (Male) |
| 21:20 | Queue | Villager (Male) |
| 21:20 | Queue | Villager (Male) |
| 21:20 | Queue | Villager (Male) |
| 21:34 | Queue | Villager (Male) ×2 |
| 21:41 | Queue | Villager (Male) |
| 21:42 | Queue | Villager (Male) |
| 21:45 | Build | Farm |
| 21:45 | Build | Farm |
| 21:46 | Build | Farm |
| 21:47 | Build | Farm |
| 21:48 | Build | Farm |
| 22:07 | Queue | Villager (Male) |
| 22:07 | Queue | Villager (Male) |
| 22:08 | Queue | Villager (Male) |
| 22:08 | Queue | Villager (Male) |
| 22:17 | Queue | Villager (Male) |
| 22:18 | Queue | Villager (Male) |
| 22:18 | Queue | Villager (Male) |
| 22:27 | Build | Market |
| 22:28 | Queue | Villager (Male) |
| 22:28 | Queue | Villager (Male) |
| 22:29 | Queue | Villager (Male) |
| 22:29 | Queue | Villager (Male) |
| 22:35 | Queue | Villager (Male) |
| 22:35 | Queue | Villager (Male) |
| 22:42 | Queue | Villager (Male) |
| 22:45 | Queue | Villager (Male) |
| 22:53 | Build | Town Center |
Match timeline
| 4:14 | Honeybadger · first_building Dock |
| 4:39 | Virtus | Sobek · first_building Dock |
| 4:44 | Virtus | AboKeiTo · first_building Dock |
| 4:49 | Virtus | Sobek · wall_segment Palisade Wall x1 |
| 4:50 | Virtus | Sobek · wall_segment Palisade Wall x1 |
| 4:51 | Smokey · first_building Dock |
| 4:52 | Virtus | Sobek · wall_segment Palisade Wall x1 |
| 4:53 | Virtus | Sobek · wall_segment Palisade Wall x1 |
| 4:55 | Virtus | AboKeiTo · wall_segment Palisade Wall x1 |
| 4:58 | Virtus | AboKeiTo · wall_segment Palisade Wall x6 |
| 5:00 | Virtus | AboKeiTo · wall_segment Palisade Wall x1 |
| 5:19 | Mastyjames · first_building Dock |
| 5:41 | Mastyjames · wall_segment Palisade Wall x1 |
| 5:42 | Mastyjames · wall_segment Palisade Wall x5 |
| 5:43 | Mastyjames · wall_segment Palisade Wall x1 |
| 5:43 | Mastyjames · wall_segment Palisade Wall x1 |
| 5:44 | Mastyjames · wall_segment Palisade Wall x1 |
| 5:44 | Mastyjames · wall_segment Palisade Wall x1 |
| 5:51 | Smokey · wall_segment Palisade Wall x1 |
| 5:53 | Smokey · wall_segment Palisade Wall x1 |
| 6:44 | Smokey · wall_segment Palisade Wall x1 |
| 6:45 | Smokey · wall_segment Palisade Wall x1 |
| 6:48 | Smokey · wall_segment Palisade Wall x1 |
| 6:50 | Smokey · wall_segment Palisade Wall x1 |
| 6:51 | Virtus | AboKeiTo · wall_segment Palisade Wall x1 |
| 6:52 | Smokey · wall_segment Palisade Wall x1 |
| 6:55 | Smokey · wall_segment Palisade Wall x1 |
| 7:30 | Honeybadger · wall_segment Palisade Wall x8 |
| 7:31 | Honeybadger · wall_segment Palisade Wall x1 |
| 7:38 | Virtus | AMG · first_building Barracks |
| 7:39 | Honeybadger · wall_segment Palisade Wall x1 |
| 7:51 | Virtus | Felipe · wall_segment Palisade Wall x1 |
| 7:53 | Virtus | Felipe · wall_segment Palisade Wall x1 |
| 7:54 | Virtus | Felipe · wall_segment Palisade Wall x2 |
| 8:29 | Virtus | Felipe · age_up feudal |
| 9:03 | Virtus | Sobek · wall_segment Palisade Wall x1 |
| 9:04 | Virtus | Sobek · wall_segment Palisade Wall x1 |
| 9:27 | Mastyjames · wall_segment Palisade Wall x1 |
| 9:27 | Honeybadger · age_up feudal |
| 9:28 | Mastyjames · wall_segment Palisade Wall x1 |
| 9:28 | Honeybadger · wall_segment Palisade Wall x3 |
| 9:42 | Virtus | Sobek · age_up feudal |
| 9:49 | Virtus | AMG · age_up feudal |
| 9:49 | Honeybadger · wall_segment Palisade Wall x5 |
| 9:50 | Virtus | AMG · first_building Stable |
| 9:52 | Honeybadger · wall_segment Palisade Wall x3 |
| 10:03 | Virtus | AboKeiTo · age_up feudal |
| 10:41 | Virtus | Felipe · wall_segment Palisade Wall x2 |
| 10:57 | Mastyjames · age_up feudal |
| 11:22 | Emu Warrior · age_up feudal |
| 11:57 | Virtus | Felipe · wall_segment Palisade Wall x1 |
| 12:12 | Smokey · age_up feudal |
| 12:31 | Virtus | Felipe · wall_segment Palisade Wall x1 |
| 12:49 | Smokey · wall_segment Palisade Wall x6 |
| 13:37 | Honeybadger · wall_segment Palisade Wall x5 |
| 13:38 | Honeybadger · wall_segment Palisade Wall x2 |
| 13:45 | Smokey · first_market_sell 100 wood |
| 13:52 | Emu Warrior · first_market_buy 100 wood |
| 14:27 | Mastyjames · age_up castle |
| 14:34 | Virtus | Felipe · first_building Dock |
| 14:54 | Emu Warrior · age_up castle |
| 14:54 | Virtus | AboKeiTo · first_market_sell 500 wood |
| 14:55 | Virtus | AboKeiTo · first_market_buy 100 food |
| 14:58 | Mastyjames · first_market_buy 100 food |
| 15:59 | Honeybadger · wall_segment Palisade Wall x3 |
| 16:03 | Honeybadger · wall_segment Palisade Wall x4 |
| 16:05 | Honeybadger · wall_segment Palisade Wall x1 |
| 16:25 | Smokey · age_up castle |
| 18:06 | Virtus | Felipe · first_building Barracks |
| 18:26 | Virtus | AMG · age_up castle |
| 18:27 | Virtus | AboKeiTo · age_up castle |
| 18:37 | Virtus | Felipe · first_building Stable |
| 19:15 | Virtus | Felipe · age_up castle |
| 19:15 | Honeybadger · age_up castle |
| 19:26 | Virtus | Sobek · first_market_buy 100 stone |
| 19:37 | Smokey · first_market_buy 100 stone |
| 19:50 | Virtus | Sobek · age_up castle |
| 20:04 | Mastyjames · wall_segment Stone Wall x18 |
| 20:42 | Emu Warrior · first_building Monastery |
| 21:13 | Emu Warrior · first_building Castle |
| 21:15 | Mastyjames · wall_segment Stone Wall x10 |
| 21:20 | Virtus | Felipe · first_market_buy 100 food |
| 21:31 | Virtus | AMG · first_market_buy 100 stone |
| 22:03 | Honeybadger · wall_segment Palisade Wall x1 |
| 22:12 | Virtus | Felipe · first_building Siege Workshop |
| 22:14 | Honeybadger · wall_segment Palisade Wall x1 |
| 22:21 | Honeybadger · first_building Barracks |
| 22:24 | Emu Warrior · first_market_sell 100 wood |
| 22:58 | Virtus | Sobek · tribute_sent a jugador 1 |
| 22:58 | Virtus | Sobek · tribute_sent a jugador 2 |
| 22:58 | Virtus | Sobek · tribute_sent a jugador 3 |
| 22:58 | Virtus | Sobek · tribute_sent a jugador 4 |
| 22:58 | Virtus | Sobek · tribute_sent a jugador 5 |
| 22:58 | Virtus | Sobek · tribute_sent a jugador 6 |
| 22:58 | Virtus | Sobek · tribute_sent a jugador 8 |
| 23:44 | Smokey · wall_segment Stone Wall x6 |
| 23:53 | Virtus | Sobek · tribute_sent a jugador 1 |
| 23:53 | Virtus | Sobek · tribute_sent a jugador 2 |
| 23:53 | Virtus | Sobek · tribute_sent a jugador 3 |
| 23:53 | Virtus | Sobek · tribute_sent a jugador 4 |
| 23:53 | Virtus | Sobek · tribute_sent a jugador 5 |
| 23:53 | Virtus | Sobek · tribute_sent a jugador 6 |
| 23:53 | Virtus | Sobek · tribute_sent a jugador 8 |
| 24:21 | Emu Warrior · first_building Barracks |
| 24:44 | Virtus | Sobek · tribute_sent a jugador 1 |
| 24:44 | Virtus | Sobek · tribute_sent a jugador 2 |
| 24:44 | Virtus | Sobek · tribute_sent a jugador 3 |
| 24:44 | Virtus | Sobek · tribute_sent a jugador 4 |
| 24:44 | Virtus | Sobek · tribute_sent a jugador 5 |
| 24:44 | Virtus | Sobek · tribute_sent a jugador 6 |
| 24:44 | Virtus | Sobek · tribute_sent a jugador 8 |
| 25:02 | Virtus | AboKeiTo · first_building Monastery |
| 25:08 | Smokey · first_building Castle |
| 25:20 | Virtus | Sobek · first_building Monastery |
| 25:20 | Mastyjames · first_building Monastery |
| 25:20 | Virtus | Felipe · first_building Monastery |
| 25:25 | Virtus | Sobek · tribute_sent a jugador 1 |
| 25:25 | Virtus | Sobek · tribute_sent a jugador 2 |
| 25:25 | Virtus | Sobek · tribute_sent a jugador 3 |
| 25:25 | Virtus | Sobek · tribute_sent a jugador 4 |
| 25:25 | Virtus | Sobek · tribute_sent a jugador 5 |
| 25:25 | Virtus | Sobek · tribute_sent a jugador 6 |
| 25:25 | Virtus | Sobek · tribute_sent a jugador 8 |
| 25:26 | Mastyjames · first_market_sell 100 food |
| 25:31 | Emu Warrior · first_building Stable |
| 26:44 | Mastyjames · first_building Castle |
| 26:52 | Honeybadger · first_market_buy 100 stone |
| 26:52 | Virtus | Sobek · tribute_sent a jugador 1 |
| 26:52 | Virtus | Sobek · tribute_sent a jugador 2 |
| 26:52 | Virtus | Sobek · tribute_sent a jugador 3 |
| 26:52 | Virtus | Sobek · tribute_sent a jugador 4 |
| 26:52 | Virtus | Sobek · tribute_sent a jugador 5 |
| 26:52 | Virtus | Sobek · tribute_sent a jugador 6 |
| 26:52 | Virtus | Sobek · tribute_sent a jugador 8 |
| 27:09 | Virtus | AboKeiTo · first_building Barracks |
| 27:17 | Virtus | AMG · first_building Monastery |
| 27:27 | Emu Warrior · wall_segment Palisade Wall x1 |
| 27:28 | Emu Warrior · wall_segment Palisade Wall x1 |
| 27:29 | Emu Warrior · wall_segment Palisade Wall x1 |
| 27:37 | Virtus | AMG · first_market_sell 100 wood |
| 27:38 | Virtus | Felipe · first_market_sell 500 wood |
| 27:41 | Virtus | Sobek · tribute_sent a jugador 1 |
| 27:41 | Virtus | Sobek · tribute_sent a jugador 2 |
| 27:41 | Virtus | Sobek · tribute_sent a jugador 3 |
| 27:41 | Virtus | Sobek · tribute_sent a jugador 4 |
| 27:41 | Virtus | Sobek · tribute_sent a jugador 5 |
| 27:41 | Virtus | Sobek · tribute_sent a jugador 6 |
| 27:41 | Virtus | Sobek · tribute_sent a jugador 8 |
| 28:06 | Virtus | AboKeiTo · first_building Stable |
| 28:19 | Virtus | AboKeiTo · first_building Archery Range |
| 28:57 | Mastyjames · first_building Barracks |
| 29:12 | Mastyjames · age_up imperial |
| 29:30 | Virtus | Sobek · first_building Castle |
| 29:37 | Mastyjames · wall_segment Stone Wall x1 |
| 29:54 | Smokey · age_up imperial |
| 30:15 | Virtus | AboKeiTo · age_up imperial |
| 30:27 | Honeybadger · wall_segment Palisade Wall x1 |
| 30:29 | Honeybadger · wall_segment Palisade Wall x1 |
| 30:43 | Smokey · first_building Barracks |
| 30:58 | Virtus | AMG · first_building Castle |
| 31:03 | Virtus | AMG · wall_segment Palisade Wall x4 |
| 31:08 | Smokey · first_building Siege Workshop |
| 31:30 | Virtus | AMG · age_up imperial |
| 31:42 | Virtus | Sobek · wall_segment Stone Wall x10 |
| 31:45 | Virtus | Sobek · wall_segment Stone Wall x3 |
| 31:51 | Virtus | Sobek · wall_segment Stone Wall x1 |
| 31:52 | Virtus | Sobek · wall_segment Stone Wall x1 |
| 31:54 | Virtus | Sobek · wall_segment Stone Wall x1 |
| 32:00 | Virtus | AMG · first_building Archery Range |
| 33:50 | Virtus | Sobek · first_market_sell 100 food |
| 34:10 | Virtus | Felipe · wall_segment Palisade Wall x9 |
| 34:12 | Virtus | Sobek · age_up imperial |
| 34:44 | Emu Warrior · age_up imperial |
| 34:47 | Virtus | AboKeiTo · first_building Castle |
| 35:16 | Virtus | AMG · first_building Siege Workshop |
| 35:17 | Emu Warrior · wall_segment Stone Wall x8 |
| 35:19 | Emu Warrior · wall_segment Stone Wall x3 |
| 35:21 | Emu Warrior · wall_segment Stone Wall x10 |
| 35:22 | Emu Warrior · wall_segment Stone Wall x4 |
| 35:30 | Virtus | Felipe · wall_segment Palisade Wall x6 |
| 35:35 | Emu Warrior · wall_segment Stone Wall x4 |
| 35:38 | Emu Warrior · wall_segment Stone Wall x4 |
| 35:40 | Emu Warrior · wall_segment Stone Wall x15 |
| 35:41 | Emu Warrior · wall_segment Stone Wall x5 |
| 35:42 | Emu Warrior · wall_segment Stone Wall x3 |
| 36:02 | Virtus | Felipe · age_up imperial |
| 36:21 | Emu Warrior · wall_segment Stone Wall x12 |
| 36:32 | Virtus | Felipe · first_building Castle |
| 36:37 | Mastyjames · first_building Siege Workshop |
| 37:17 | Emu Warrior · tribute_sent a jugador 1 |
| 37:17 | Emu Warrior · tribute_sent a jugador 2 |
| 37:17 | Emu Warrior · tribute_sent a jugador 3 |
| 37:17 | Emu Warrior · tribute_sent a jugador 5 |
| 37:17 | Emu Warrior · tribute_sent a jugador 6 |
| 37:17 | Emu Warrior · tribute_sent a jugador 7 |
| 37:17 | Emu Warrior · tribute_sent a jugador 8 |
| 37:40 | Emu Warrior · first_building Dock |
| 37:41 | Honeybadger · first_market_sell 100 food |
| 38:17 | Honeybadger · wall_segment Stone Wall x1 |
| 38:36 | Emu Warrior · wall_segment Stone Wall x1 |
| 38:58 | Emu Warrior · wall_segment Stone Wall x3 |
| 39:26 | Emu Warrior · wall_segment Stone Wall x7 |
| 39:31 | Smokey · first_building Archery Range |
| 39:43 | Emu Warrior · wall_segment Stone Wall x6 |
| 39:59 | Emu Warrior · wall_segment Stone Wall x1 |
| 40:42 | Virtus | Sobek · first_building Barracks |
| 40:44 | Emu Warrior · wall_segment Stone Wall x10 |
| 40:55 | Honeybadger · wall_segment Palisade Wall x3 |
| 41:00 | Emu Warrior · wall_segment Stone Wall x1 |
| 41:18 | Honeybadger · wall_segment Stone Wall x6 |
| 41:32 | Honeybadger · wall_segment Stone Wall x3 |
| 42:54 | Mastyjames · wall_segment Stone Wall x20 |
| 43:19 | Emu Warrior · wall_segment Stone Wall x8 |
| 43:34 | Mastyjames · wall_segment Stone Wall x5 |
| 43:56 | Honeybadger · first_building Siege Workshop |
| 44:12 | Mastyjames · tribute_sent a jugador 1 |
| 44:12 | Mastyjames · tribute_sent a jugador 3 |
| 44:12 | Mastyjames · tribute_sent a jugador 4 |
| 44:12 | Mastyjames · tribute_sent a jugador 5 |
| 44:12 | Mastyjames · tribute_sent a jugador 6 |
| 44:12 | Mastyjames · tribute_sent a jugador 7 |
| 44:12 | Mastyjames · tribute_sent a jugador 8 |
| 44:24 | Honeybadger · wall_segment Stone Wall x1 |
| 44:26 | Honeybadger · wall_segment Stone Wall x1 |
| 44:28 | Honeybadger · wall_segment Stone Wall x1 |
| 44:33 | Honeybadger · wall_segment Stone Wall x1 |
| 44:34 | Honeybadger · wall_segment Stone Wall x1 |
| 44:43 | Emu Warrior · wall_segment Stone Wall x9 |
| 44:45 | Honeybadger · first_building Monastery |
| 44:47 | Emu Warrior · wall_segment Stone Wall x9 |
| 45:16 | Virtus | Sobek · first_building Siege Workshop |
| 45:57 | Emu Warrior · wall_segment Stone Wall x1 |
| 46:16 | Smokey · wall_segment Stone Wall x2 |
| 46:23 | Mastyjames · first_building Stable |
| 46:25 | Mastyjames · first_building Archery Range |
| 46:25 | Smokey · wall_segment Stone Wall x1 |
| 46:33 | Virtus | Felipe · wall_segment Palisade Wall x1 |
| 46:34 | Virtus | Felipe · wall_segment Palisade Wall x1 |
| 46:35 | Virtus | Felipe · wall_segment Palisade Wall x1 |
| 46:37 | Virtus | Felipe · wall_segment Palisade Wall x1 |
| 47:14 | Honeybadger · age_up imperial |
| 47:23 | Virtus | Felipe · wall_segment Palisade Wall x1 |
| 47:30 | Virtus | Felipe · wall_segment Palisade Wall x1 |
| 47:47 | Emu Warrior · wall_segment Stone Wall x8 |
| 47:50 | Emu Warrior · wall_segment Stone Wall x4 |
| 49:15 | Emu Warrior · wall_segment Stone Wall x6 |
| 51:29 | Smokey · first_building Stable |
| 52:46 | Mastyjames · tribute_sent a jugador 1 |
| 52:46 | Mastyjames · tribute_sent a jugador 3 |
| 52:46 | Mastyjames · tribute_sent a jugador 4 |
| 52:46 | Mastyjames · tribute_sent a jugador 5 |
| 52:46 | Mastyjames · tribute_sent a jugador 6 |
| 52:46 | Mastyjames · tribute_sent a jugador 7 |
| 52:46 | Mastyjames · tribute_sent a jugador 8 |
| 53:20 | Virtus | Felipe · wall_segment Palisade Wall x1 |
| 53:27 | Virtus | AboKeiTo · first_building Siege Workshop |
| 54:29 | Mastyjames · tribute_sent a jugador 1 |
| 54:29 | Mastyjames · tribute_sent a jugador 3 |
| 54:29 | Mastyjames · tribute_sent a jugador 4 |
| 54:29 | Mastyjames · tribute_sent a jugador 5 |
| 54:29 | Mastyjames · tribute_sent a jugador 6 |
| 54:29 | Mastyjames · tribute_sent a jugador 7 |
| 54:29 | Mastyjames · tribute_sent a jugador 8 |
| 56:58 | Mastyjames · wall_segment Stone Wall x18 |
| 57:59 | Smokey · tribute_sent a jugador 1 |
| 57:59 | Smokey · tribute_sent a jugador 2 |
| 57:59 | Smokey · tribute_sent a jugador 3 |
| 57:59 | Smokey · tribute_sent a jugador 4 |
| 57:59 | Smokey · tribute_sent a jugador 5 |
| 57:59 | Smokey · tribute_sent a jugador 6 |
| 57:59 | Smokey · tribute_sent a jugador 7 |
| 58:25 | Honeybadger · tribute_sent a jugador 1 |
| 58:25 | Honeybadger · tribute_sent a jugador 2 |
| 58:25 | Honeybadger · tribute_sent a jugador 3 |
| 58:25 | Honeybadger · tribute_sent a jugador 4 |
| 58:25 | Honeybadger · tribute_sent a jugador 5 |
| 58:25 | Honeybadger · tribute_sent a jugador 7 |
| 58:25 | Honeybadger · tribute_sent a jugador 8 |
| 60:36 | Emu Warrior · wall_segment Stone Wall x5 |
| 61:07 | Emu Warrior · first_building Siege Workshop |
| 61:48 | Virtus | AMG · tribute_sent a jugador 2 |
| 61:48 | Virtus | AMG · tribute_sent a jugador 3 |
| 61:48 | Virtus | AMG · tribute_sent a jugador 4 |
| 61:48 | Virtus | AMG · tribute_sent a jugador 5 |
| 61:48 | Virtus | AMG · tribute_sent a jugador 6 |
| 61:48 | Virtus | AMG · tribute_sent a jugador 7 |
| 61:48 | Virtus | AMG · tribute_sent a jugador 8 |
| 61:51 | Virtus | Sobek · tribute_sent a jugador 1 |
| 61:51 | Virtus | Sobek · tribute_sent a jugador 2 |
| 61:51 | Virtus | Sobek · tribute_sent a jugador 3 |
| 61:51 | Virtus | Sobek · tribute_sent a jugador 4 |
| 61:51 | Virtus | Sobek · tribute_sent a jugador 5 |
| 61:51 | Virtus | Sobek · tribute_sent a jugador 6 |
| 61:51 | Virtus | Sobek · tribute_sent a jugador 8 |
| 68:10 | Virtus | Sobek · tribute_sent a jugador 1 |
| 68:10 | Virtus | Sobek · tribute_sent a jugador 2 |
| 68:10 | Virtus | Sobek · tribute_sent a jugador 3 |
| 68:10 | Virtus | Sobek · tribute_sent a jugador 4 |
| 68:10 | Virtus | Sobek · tribute_sent a jugador 5 |
| 68:10 | Virtus | Sobek · tribute_sent a jugador 6 |
| 68:10 | Virtus | Sobek · tribute_sent a jugador 8 |
| 72:10 | Honeybadger · tribute_sent a jugador 1 |
| 72:10 | Honeybadger · tribute_sent a jugador 2 |
| 72:10 | Honeybadger · tribute_sent a jugador 3 |
| 72:10 | Honeybadger · tribute_sent a jugador 4 |
| 72:10 | Honeybadger · tribute_sent a jugador 5 |
| 72:10 | Honeybadger · tribute_sent a jugador 7 |
| 72:10 | Honeybadger · tribute_sent a jugador 8 |
| 73:19 | Virtus | Sobek · tribute_sent a jugador 1 |
| 73:19 | Virtus | Sobek · tribute_sent a jugador 2 |
| 73:19 | Virtus | Sobek · tribute_sent a jugador 3 |
| 73:19 | Virtus | Sobek · tribute_sent a jugador 4 |
| 73:19 | Virtus | Sobek · tribute_sent a jugador 5 |
| 73:19 | Virtus | Sobek · tribute_sent a jugador 6 |
| 73:19 | Virtus | Sobek · tribute_sent a jugador 8 |
| 73:26 | Virtus | Sobek · tribute_sent a jugador 1 |
| 73:26 | Virtus | Sobek · tribute_sent a jugador 2 |
| 73:26 | Virtus | Sobek · tribute_sent a jugador 3 |
| 73:26 | Virtus | Sobek · tribute_sent a jugador 4 |
| 73:26 | Virtus | Sobek · tribute_sent a jugador 5 |
| 73:26 | Virtus | Sobek · tribute_sent a jugador 6 |
| 73:26 | Virtus | Sobek · tribute_sent a jugador 8 |
| 74:20 | Virtus | Felipe · first_building Archery Range |
| 75:43 | Virtus | Sobek · tribute_sent a jugador 1 |
| 75:43 | Virtus | Sobek · tribute_sent a jugador 2 |
| 75:43 | Virtus | Sobek · tribute_sent a jugador 3 |
| 75:43 | Virtus | Sobek · tribute_sent a jugador 4 |
| 75:43 | Virtus | Sobek · tribute_sent a jugador 5 |
| 75:43 | Virtus | Sobek · tribute_sent a jugador 6 |
| 75:43 | Virtus | Sobek · tribute_sent a jugador 8 |
| 77:04 | Virtus | AboKeiTo · wall_segment Stone Wall x12 |
| 78:00 | Mastyjames · tribute_sent a jugador 1 |
| 78:00 | Mastyjames · tribute_sent a jugador 3 |
| 78:00 | Mastyjames · tribute_sent a jugador 4 |
| 78:00 | Mastyjames · tribute_sent a jugador 5 |
| 78:00 | Mastyjames · tribute_sent a jugador 6 |
| 78:00 | Mastyjames · tribute_sent a jugador 7 |
| 78:00 | Mastyjames · tribute_sent a jugador 8 |
| 81:48 | Mastyjames · tribute_sent a jugador 1 |
| 81:48 | Mastyjames · tribute_sent a jugador 3 |
| 81:48 | Mastyjames · tribute_sent a jugador 4 |
| 81:48 | Mastyjames · tribute_sent a jugador 5 |
| 81:48 | Mastyjames · tribute_sent a jugador 6 |
| 81:48 | Mastyjames · tribute_sent a jugador 7 |
| 81:48 | Mastyjames · tribute_sent a jugador 8 |
| 82:33 | Mastyjames · wall_segment Stone Wall x2 |
| 82:39 | Smokey · wall_segment Palisade Wall x1 |
| 84:30 | Virtus | AMG · wall_segment Stone Wall x11 |
| 90:04 | Honeybadger · first_building Castle |
| 93:01 | Mastyjames · tribute_sent a jugador 1 |
| 93:01 | Mastyjames · tribute_sent a jugador 3 |
| 93:01 | Mastyjames · tribute_sent a jugador 4 |
| 93:01 | Mastyjames · tribute_sent a jugador 5 |
| 93:01 | Mastyjames · tribute_sent a jugador 6 |
| 93:01 | Mastyjames · tribute_sent a jugador 7 |
| 93:01 | Mastyjames · tribute_sent a jugador 8 |
| 93:54 | Virtus | AMG · tribute_sent a jugador 2 |
| 93:54 | Virtus | AMG · tribute_sent a jugador 3 |
| 93:54 | Virtus | AMG · tribute_sent a jugador 4 |
| 93:54 | Virtus | AMG · tribute_sent a jugador 5 |
| 93:54 | Virtus | AMG · tribute_sent a jugador 6 |
| 93:54 | Virtus | AMG · tribute_sent a jugador 7 |
| 93:54 | Virtus | AMG · tribute_sent a jugador 8 |
| 94:51 | Emu Warrior · wall_segment Stone Wall x1 |
| 95:30 | Mastyjames · tribute_sent a jugador 1 |
| 95:30 | Mastyjames · tribute_sent a jugador 3 |
| 95:30 | Mastyjames · tribute_sent a jugador 4 |
| 95:30 | Mastyjames · tribute_sent a jugador 5 |
| 95:30 | Mastyjames · tribute_sent a jugador 6 |
| 95:30 | Mastyjames · tribute_sent a jugador 7 |
| 95:30 | Mastyjames · tribute_sent a jugador 8 |
| 97:37 | Mastyjames · tribute_sent a jugador 1 |
| 97:37 | Mastyjames · tribute_sent a jugador 3 |
| 97:37 | Mastyjames · tribute_sent a jugador 4 |
| 97:37 | Mastyjames · tribute_sent a jugador 5 |
| 97:37 | Mastyjames · tribute_sent a jugador 6 |
| 97:37 | Mastyjames · tribute_sent a jugador 7 |
| 97:37 | Mastyjames · tribute_sent a jugador 8 |
| 100:10 | Virtus | AMG · resign |
[ AI ANALYSIS · 1 CREDIT ]
What really happened in this match?
Wolo.gg analyzes every decision: build order, eco, micro, common mistakes by bracket. Personalized analysis on WhatsApp or Discord in 30 seconds.
Civ guide
Cumans
Perfil
Jugador #6301465